 Dungeon Crawl Stone Soup version 0.29.0-4-gdea44cf6ec (webtiles) character file.

Game seed: 17981238205357852849

41 qw the Chopper (level 3, 0/21 HPs)
             Began as a Tengu Warper on Aug 28, 2022.
             Slain by a hobgoblin
             ... wielding the +10 trident of Jocikoow {vorpal, Str+3}
              (1 damage)
             ... on level 2 of the Dungeon.
             The game lasted 00:00:07 (1793 turns).

qw the Chopper (Tengu Warper)                       Turns: 1793, Time: 00:00:07

Health: 0/21       AC: 11    Str: 13    XL:     3   Next: 52%
Magic:  7/7        EV:  6    Int: 13    God:
Gold:   51         SH:  0    Dex: 13    Spells: 6/6 levels left

rFire   . . .      SeeInvis .   Y - +0 hand axe
rCold   . . .      Faith    .   (no shield)
rNeg    . . .      Spirit   .   d - +3 chain mail
rPois   .          Reflect  .   (helmet restricted)
rElec   .          Harm     .   (no cloak)
rCorr   .          Rampage  .   (no gloves)
Will    .....                   (boots unavailable)
Stlth   ..........              (no amulet)
HPRegen 0.07/turn               (no ring)
MPRegen 0.10/turn               (no ring)

@: no status effects
A: beak, talons 3
a: no special abilities


You were on level 2 of the Dungeon.
You visited 1 branch of the dungeon, and saw 2 of its levels.

You collected 51 gold pieces.


Innate Abilities, Weirdness & Mutations

You have a beak for a mouth.
You have claws for feet.


   Skills:
 - Level 2.0 Fighting
 + Level 4.2 Axes
 - Level 1.0 Throwing
 - Level 1.1 Armour
 - Level 2.1 Dodging
 - Level 2.0 Spellcasting
 - Level 2.4 Translocations


You had 6 spell levels left.
You didn't know any spells.
Your spell library contained the following spells:

 Spells                   Type           Power      Damage    Failure   Level
 Blink                    Tloc           14%        N/A       99%         2
 Gell's Gravitas          Tloc           7%         N/A       100%        3
 Lesser Beckoning         Tloc           7%         N/A       100%        3
 Teleport Other           Tloc           7%         N/A       100%        3
 Manifold Assault         Tloc           7%         N/A       100%        5

Inventory:

Hand Weapons
 e - a +0 whip
 Y - a +0 hand axe (weapon)
Armour
 c - a +0 plate armour
 d - a +3 chain mail (worn)
Scrolls
 a - 3 scrolls of identify
 b - 3 scrolls of summoning {unknown}

Dungeon Overview and Level Annotations

Branches:
Dungeon (2/15)

Altars:


Message History

The worm is moderately wounded.
You hit the worm.
The worm is heavily wounded.
The worm barely misses you.
You slash the worm!
The worm is almost dead.
The worm bites you but does no damage.
You hit the worm. You peck the worm.
You kill the worm!
a - 3 scrolls of identify (gained 1)
b - 3 scrolls labelled CIUGAY ZUQOME
Enter note:
Found a dagger.
Enter note:
Found a stone staircase leading up.
Enter note:
c - a +0 plate armour You now have 51 gold pieces (gained 16).
Found an escape hatch in the ceiling.
A hobgoblin comes into view.
It is wielding the +10 trident of Jocikoow {vorpal, Str+3}.
1781 ||| Stepping ~*~*~tactically~*~*~ (stealth).
1782 ||| Stepping ~*~*~tactically~*~*~ (stealth).
The hobgoblin shouts!
The hobgoblin throws a stone.
The stone hits you but does no damage.
1784 ||| Stepping ~*~*~tactically~*~*~ (hiding).
You start waiting.
A hobgoblin is nearby!
1786 ||| Stepping ~*~*~tactically~*~*~ (hiding).
You start waiting.
A hobgoblin is nearby!
The hobgoblin hits you from afar with the +10 trident of Jocikoow {vorpal, Str+3}!
Ouch! That really hurt!
A quokka comes into view.
The hobgoblin hits you but does no damage.
You closely miss the hobgoblin. Your kick misses the hobgoblin.
Your peck misses the hobgoblin.
The hobgoblin hits you with the +10 trident of Jocikoow {vorpal, Str+3}.
You closely miss the hobgoblin.
The hobgoblin hits you with the +10 trident of Jocikoow {vorpal, Str+3}.
You die...

############ ##.)........
#.........####
#.............
#............<
#..#..g..r....
############..#.@##......
..............#..# .###.
############..#..# #
#..#..##... #####
#....<..... ....#
#............# ###.#
#.######.##..# #.# # #.#
..# ###.##### # #.# .#


You could see a quokka and a hobgoblin.

Vanquished Creatures
  A worm (D:2)
  2 dart slugs
  2 ball pythons (D:1)
  5 endoplasms (D:1)
  A giant cockroach (D:1)
  3 goblins
  2 hobgoblins (D:1)
  4 jackals (D:1)
  5 kobolds
  A quokka (D:1)
  3 frilled lizards (D:1)
  2 rats (D:1)
31 creatures vanquished.

Notes
Turn   | Place    | Note
-------+----------+-------------------------------------------
     0 | D:1      | qw the Tengu Warper began the quest for the Orb.
     0 | D:1      | Reached XP level 1. HP: 12/12 MP: 4/4
     0 | D:1      | 0 ||| qw: Version: 0.1-a-89-g26bdef1
     0 | D:1      | 0 ||| qw: Game counter: 1361
     0 | D:1      | 0 ||| qw: Always use a shield: true
     0 | D:1      | 0 ||| qw: God list: Okawaru
     0 | D:1      | 0 ||| qw: Allow faded altars: false
     0 | D:1      | 0 ||| qw: Do Orc after D:15 true
     0 | D:1      | 0 ||| qw: Do second Lair branch before Depths: true
     0 | D:1      | 0 ||| qw: Lair rune preference: random
     0 | D:1      | 0 ||| qw: Plans: Normal
     0 | D:1      | 0 ||| PLANNING D:1-11
   227 | D:1      | Reached skill level 3 in Axes
   227 | D:1      | Reached XP level 2. HP: 10/17 MP: 6/6
   234 | D:1      | HP: 4/17 [jackal (2)]
   758 | D:1      | 758 ||| Stepping ~*~*~tactically~*~*~ (stealth).
   988 | D:1      | Reached XP level 3. HP: 21/21 MP: 7/7
  1301 | D:1      | Reached skill level 4 in Axes
  1329 | D:1      | Found a faded altar of an unknown god.
  1486 | D:1      | 1486 ||| UPGRADING to +3 chain mail.
  1496 | D:1      | 1496 ||| DROPPING +0 leather armour.
  1497 | D:1      | 1497 ||| READING 3 scrolls labelled WAISAL NEING.
  1498 | D:1      | 1498 ||| DRINKING 2 yellow potions.
  1499 | D:1      | 1499 ||| DROPPING scroll of blinking.
  1500 | D:1      | 1500 ||| DROPPING potion of magic.
  1624 | D:2      | 1624 ||| Stepping ~*~*~tactically~*~*~ (stealth).
  1780 | D:2      | Identified the +10 trident of Jocikoow {vorpal, Str+3}
  1781 | D:2      | 1781 ||| Stepping ~*~*~tactically~*~*~ (stealth).
  1782 | D:2      | 1782 ||| Stepping ~*~*~tactically~*~*~ (stealth).
  1784 | D:2      | 1784 ||| Stepping ~*~*~tactically~*~*~ (hiding).
  1786 | D:2      | 1786 ||| Stepping ~*~*~tactically~*~*~ (hiding).
  1792 | D:2      | HP: 4/21 [hobgoblin/the +10 trident of Jocikoow {vorpal,
                  | Str+3} (5)]
  1793 | D:2      | HP: 1/21 [hobgoblin/the +10 trident of Jocikoow {vorpal,
                  | Str+3} (2)]
  1793 | D:2      | Slain by a hobgoblin

Levels and vault maps discovered:
D:1:      dreamdust_arrival_beginning_and_end, layout_loops_corners,
          hellmonk_ecumenical_altar_leap_of_faith, nrook_mini_vaults,
          st_stairs_12
D:2:      layout_loops_ring, uniq_robin

Skill      XL: |  1  2  3 |
---------------+----------+-----
Axes           | 3 4 |  4.2
Fighting       | |  2.0
Throwing       | |  1.0
Armour         | |  1.1
Dodging        | |  2.1
Spellcasting   | |  2.0
Translocations | |  2.4

Action                   || total
-------------------------++-------
Melee: Hand axe          ||    55
       Kick              ||    16
       Peck              ||     2
Throw: Boomerang         ||     7
  Use: Scroll            ||     1
       Potion            ||     1
Armor: Leather armour    ||     2
       Chain mail        ||     6
Dodge: Dodged            ||    18

Table legend:
 A = Non-vault XP
 B = Vault XP
 C = Vault XP percentage of total XP
 D = Non-vault monster count
 E = Vault monster count
 F = Vault count percentage of total count
                 A         B        C        D         E       F
            +---------+---------+-------+---------+---------+-------
      Total |      58 |       1 |   1.7 |      30 |       1 |   3.2
            +---------+---------+-------+---------+---------+-------
        D:1 |      46 |       1 |   2.1 |      26 |       1 |   3.7
        D:2 |      12 |       0 |   0.0 |       4 |       0 |   0.0
            +---------+---------+-------+---------+---------+-------
